Workbook

Sheet POA
A5: 2020
A6: COMPONENTES | B6: CATEGORIAS | C6: CONCEPTO GASTO ELEGIBLE | D6: APROPIACIÓN
A7: Preparación de Alianzas Productivas (Preinversión) | B7: Servicios de Apoyo | C7: Preinversiones | D7: ='Incentivo Modular - Alianzas'!E40 -> 2.38887e+09
C8: Seguimiento y monitoreo | D8: ='Seguimiento y Monitoreo'!D27 -> 908000000
C9: Socialización y divulgación | D9: =#REF! -> #REF!
C10: Convocatoria y registro de Perfiles | D10: =#REF! -> #REF!
C11: Apertura del registro verificación de perfiles | D11: ='Incentivo Modular - Alianzas'!F40 -> 2.9202525e+08
B12: SUBTOTAL | D12: =+D7+D8+D11 -> 3.5888953e+09
A13: Ejecución de Alianzas Productivas (Inversión) | B13: Incentivo Modular | C13: Incentivo Modular | D13: ='Incentivo Modular - Alianzas'!D38 -> 34200000000
B14: SUBTOTAL | D14: =SUM(D13) -> 34200000000
A15: Gerencia, Monitoreo y Evaluación del Proyecto (Seguimiento y Gerencia) | B15: Servicios de Apoyo | C15: Contratación EIP | D15: ='Contratación EIP'!F33 -> 1.796989e+09
C16: Auditoria | D16: 300000000
C17: Evaluación | D17: 400000000
C18: Costos fiduciaria | D18: 195859873
B19: Costos operativos | C19: Comisiones EIP - Interventorías - Otros - TQTS | D19: =Viaticos!B42 -> 418255849
C20: Materiales y suministros | D20: 100000000
B21: SUBTOTAL | D21: =SUM(D15:D20) -> 3.2111047e+09
A22: TOTAL | D22: =+D21+D14+D12 -> 4.1e+10
D24: =D22/1.0048 -> 4.080414e+10
C25: Costos fiducia | D25: =D24*0.48% -> 1.9585987e+08
A28: NOTA: La actividad auditoria y evaluación se realizará a la Fase III del proyecto comprendido en el periodo 2016 - 2019,
A29: de acuerdo a la aprobación realizada por la CIN y el Manual Operativo del proyecto adoptado bajo la resolución
A30: 049 del 2016.

Sheet Incentivo Modular - Alianzas
B2: Alianzas Productivas
A4: DEPARTAMENTO | B4: # Alianzas | C4: Ejecución de Alianzas Productivas (Inversión) | D4: TOTAL | E4: MARGEN DEL 10% PREINVERSIONES | F4: CUPOS INDICATIVOS PERFILES A EVALUAR
A5: AMAZONAS | B5: 4 | C5: 200000000 | D5: =B5*C5 -> 800000000 | E5: =B5*1.1 -> 4.4 | F5: =E5*1.15 -> 5.06
A6: ANTIOQUIA | B6: 5.76 | C6: 200000000 | D6: =B6*C6 -> 1152000000 | E6: =B6*1.1 -> 6.336 | F6: =E6*1.15 -> 7.2864
A7: ARAUCA | B7: 6 | C7: 200000000 | D7: =B7*C7 -> 1200000000 | E7: =B7*1.1 -> 6.6 | F7: =E7*1.15 -> 7.59
A8: ATLÁNTICO | B8: 5.76 | C8: 200000000 | D8: =B8*C8 -> 1152000000 | E8: =B8*1.1 -> 6.336 | F8: =E8*1.15 -> 7.2864
A9: BOLÍVAR | B9: 5.76 | C9: 200000000 | D9: =B9*C9 -> 1152000000 | E9: =B9*1.1 -> 6.336 | F9: =E9*1.15 -> 7.2864
A10: BOYACÁ | B10: 5.76 | C10: 200000000 | D10: =B10*C10 -> 1152000000 | E10: =B10*1.1 -> 6.336 | F10: =E10*1.15 -> 7.2864
A11: CALDAS | B11: 5.76 | C11: 200000000 | D11: =B11*C11 -> 1152000000 | E11: =B11*1.1 -> 6.336 | F11: =E11*1.15 -> 7.2864
A12: CAQUETÁ | B12: 5.76 | C12: 200000000 | D12: =B12*C12 -> 1152000000 | E12: =B12*1.1 -> 6.336 | F12: =E12*1.15 -> 7.2864
A13: CASANARE | B13: 5.76 | C13: 200000000 | D13: =B13*C13 -> 1152000000 | E13: =B13*1.1 -> 6.336 | F13: =E13*1.15 -> 7.2864
A14: CAUCA | B14: 5.76 | C14: 200000000 | D14: =B14*C14 -> 1152000000 | E14: =B14*1.1 -> 6.336 | F14: =E14*1.15 -> 7.2864
A15: CESAR | B15: 5.76 | C15: 200000000 | D15: =B15*C15 -> 1152000000 | E15: =B15*1.1 -> 6.336 | F15: =E15*1.15 -> 7.2864
A16: CHOCÓ | B16: 5.76 | C16: 200000000 | D16: =B16*C16 -> 1152000000 | E16: =B16*1.1 -> 6.336 | F16: =E16*1.15 -> 7.2864
... A36: VICHADA | B36: 4 | C36: 200000000 | D36: =B36*C36 -> 800000000 | E36: =B36*1.1 -> 4.4 | F36: =E36*1.15 -> 5.06
A37: BOGOTÁ
B38: =SUM(B5:B37) -> 171 | D38: =SUM(D5:D37) -> 34200000000 | E38: =SUM(E5:E37) -> 188.1 | F38: =SUM(F5:F36) -> 216.315
D39: V/U | E39: 12700000 | F39: 1350000
E40: =E38*12700000 -> 2.38887e+09 | F40: =F38*1350000 -> 2.9202525e+08
A41: Profesionales necesarios para preinversiones
A42: PREINVERSIÓN | B42: 12700000
A43: TECNICO | B43: 4200000
A44: SOCIAL | B44: 4200000
A45: FINANCIERO | B45: 4300000
A47: GRUPOS 3 | B47: =E38/3 -> 62.7
A48: Profesionales | B48: =B47*3 -> 188.1
A50: Profesionales necesarios para perfiles
A51: Profesionales | B51: =F38/5 -> 43.263
A52: Valor contrato | B52: =1350000*5 -> 6750000

Sheet Regionalización 37
A1: DEPARTAMENTO | B1: # Alianzas | C1: Ejecución de Alianzas Productivas (Inversión) | D1: TOTAL | E1: MARGEN DEL 10% PREINVERSIONES | F1: CUPOS INDICATIVOS PERFILES A EVALUAR
A2: AMAZONAS | B2: 3 | C2: 200000000 | D2: =B2*C2 -> 600000000 | E2: =B2*1.1 -> 3.3 | F2: =E2*1.15 -> 3.795
A3: ANTIOQUIA | B3: 5 | C3: 200000000 | D3: =B3*C3 -> 1000000000 | E3: =B3*1.1 -> 5.5 | F3: =E3*1.15 -> 6.325
A4: ARAUCA | B4: 7 | C4: 200000000 | D4: =B4*C4 -> 1400000000 | E4: =B4*1.1 -> 7.7 | F4: =E4*1.15 -> 8.855
A5: ATLÁNTICO | B5: 5 | C5: 200000000 | D5: =B5*C5 -> 1000000000 | E5: =B5*1.1 -> 5.5 | F5: =E5*1.15 -> 6.325
A6: BOLÍVAR | B6: 5 | C6: 200000000 | D6: =B6*C6 -> 1000000000 | E6: =B6*1.1 -> 5.5 | F6: =E6*1.15 -> 6.325
A7: BOYACÁ | B7: 5 | C7: 200000000 | D7: =B7*C7 -> 1000000000 | E7: =B7*1.1 -> 5.5 | F7: =E7*1.15 -> 6.325
A8: CALDAS | B8: 5 | C8: 200000000 | D8: =B8*C8 -> 1000000000 | E8: =B8*1.1 -> 5.5 | F8: =E8*1.15 -> 6.325
A9: CAQUETÁ | B9: 5 | C9: 200000000 | D9: =B9*C9 -> 1000000000 | E9: =B9*1.1 -> 5.5 | F9: =E9*1.15 -> 6.325
A10: CASANARE | B10: 5 | C10: 200000000 | D10: =B10*C10 -> 1000000000 | E10: =B10*1.1 -> 5.5 | F10: =E10*1.15 -> 6.325
A11: CAUCA | B11: 5 | C11: 200000000 | D11: =B11*C11 -> 1000000000 | E11: =B11*1.1 -> 5.5 | F11: =E11*1.15 -> 6.325
A12: CESAR | B12: 5 | C12: 200000000 | D12: =B12*C12 -> 1000000000 | E12: =B12*1.1 -> 5.5 | F12: =E12*1.15 -> 6.325
A13: CHOCÓ | B13: 5 | C13: 200000000 | D13: =B13*C13 -> 1000000000 | E13: =B13*1.1 -> 5.5 | F13: =E13*1.15 -> 6.325
... A33: VICHADA | B33: 3 | C33: 200000000 | D33: =B33*C33 -> 600000000 | E33: =B33*1.1 -> 3.3 | F33: =E33*1.15 -> 3.795
A34: BOGOTÁ
B35: =SUM(B2:B34) -> 151 | D35: =SUM(D2:D34) -> 30200000000 | E35: =SUM(E2:E34) -> 166.1 | F35: =SUM(F2:F33) -> 191.015

Sheet Seguimiento y Monitoreo
A2: Operadores Regionales
A4: PREINVERSIÓN EIP | C4: MESES | D4: TOTAL
A5: Regional 1 | D5: 19450000 | F5: TOPE ALIANZAS | G5: V/ MONITOREO | H5: TOTAL | I5: 4
A6: Regional 2 | D6: 19450000 | F6: 171 | G6: 1100000 | H6: =G6*F6 -> 188100000 | I6: =H6*I5 -> 752400000
A7: Regional 3 | D7: 19450000
A8: Regional 4 | D8: 19450000
A9: Regional 5 | D9: 19450000 | F9: =F6/7 -> 24.428571 | G9: PERSONAS MONITORES
A10: Regional 6 | D10: 19450000 | F10: C/U | G10: Monitoreo de 7 alianzas
A11: Regional 7 | D11: 19450000
A12: Regional 9 | D12: 19450000 | F12: =I6/F9 -> 30800000 | G12: VALOR CONTRATO PERSONA X 4 MESES
F13: =F12/4 -> 7700000 | G13: VALOR HONORARIOS X MES
B17: =SUM(B5:B16) -> 0 | D17: =SUM(D5:D16) -> 155600000
F18: =D17/8 -> 19450000
A19: 8 COORDINADORES REGIONALES MONITOR | D19: =D17+I6 -> 908000000
A20: 3 AUXILIARES POR REGIONAL MONITOR | D20: 964491719,16
D21: =D19-D20 -> #VALUE!
D23: -9.6449172e+08
A24: Operadores Regionales | B24: Costo variable | D24: =I6 -> 752400000
B25: Costo fjo 4 meses | D25: =D27-D24 -> 155600000
B27: TOTAL | D27: 908000000

Sheet Contratación EIP
A2: Equipo Implementador del Proyecto
A4: CARGO | B4: VALOR MENSUAL 2019 | C4: 0.04 | E4: MESES | F4: TOTAL
A5: Lider | B5: 12505000 | C5: 15500000 | E5: 12 | F5: =+C5*E5 -> 186000000
A6: Coordinador Regional | B6: 10489668 | C6: =(B6*$C$4)+B6 -> 10909255 | E6: 12 | F6: =+C6*E6 -> 1.3091106e+08
A7: Coordinador Regional | B7: 10489668 | C7: =(B7*$C$4)+B7 -> 10909255 | E7: 12 | F7: =+C7*E7 -> 1.3091106e+08
A8: Coordinador Regional | B8: 10489668 | C8: =(B8*$C$4)+B8 -> 10909255 | E8: 12 | F8: =+C8*E8 -> 1.3091106e+08
A9: Coordinador Regional | B9: 10489668 | C9: =(B9*$C$4)+B9 -> 10909255 | E9: 12 | F9: =+C9*E9 -> 1.3091106e+08
A10: Coordinador Regional | B10: 10489668 | C10: =(B10*$C$4)+B10 -> 10909255 | E10: 12 | F10: =+C10*E10 -> 1.3091106e+08
A11: Coordinador Regional | B11: 10489668 | C11: =(B11*$C$4)+B11 -> 10909255 | E11: 12 | F11: =+C11*E11 -> 1.3091106e+08
A12: Coordinador Regional | B12: 10489668 | C12: =(B12*$C$4)+B12 -> 10909255 | E12: 12 | F12: =+C12*E12 -> 1.3091106e+08
A13: Coordinador Regional | B13: 10489668 | C13: =(B13*$C$4)+B13 -> 10909255 | E13: 12 | F13: =+C13*E13 -> 1.3091106e+08
A14: Lider Sistema Monitoreo y Seguimiento | B14: 10489668 | C14: =(B14*$C$4)+B14 -> 10909255 | E14: 12 | F14: =+C14*E14 -> 1.3091106e+08
A15: Apoyo Sistema Monitoreo y Seguimiento | B15: 0 | C15: 9122880 | E15: 12 | F15: =+C15*E15 -> 109474560
A16: Ingeniero de Sistemas Plataforma 1 | B16: 8772000 | C16: 10000000 | E16: 12 | F16: =+C16*E16 -> 120000000
A17: Ingeniero de Sistemas Plataforma 2 | B17: 8772000 | C17: 6000000 | E17: 12 | F17: =+C17*E17 -> 72000000
A18: Contador | B18: 8772000 | C18: =(B18*$C$4)+B18 -> 9122880 | E18: 12 | F18: =+C18*E18 -> 109474560
A19: Asesor Coordinación | B19: 8772000 | C19: =(B19*$C$4)+B19 -> 9122880 | E19: 12 | F19: =+C19*E19 -> 109474560
A20: Enlace Fiduciario | B20: 7224000 | C20: =(B20*$C$4)+B20 -> 7512960 | E20: 12 | F20: =+C20*E20 -> 90155520
A21: Abogado Senior | B21: 7000000 | C21: =(B21*$C$4)+B21 -> 7280000 | E21: 12 | F21: =+C21*E21 -> 87360000
A22: Asesor Administrativo | B22: 6000000 | C22: =(B22*$C$4)+B22 -> 6240000 | E22: 12 | F22: =+C22*E22 -> 74880000
A23: Asesor Coordinación | B23: 5000000 | C23: =(B23*$C$4)+B23 -> 5200000 | E23: 12 | F23: =+C23*E23 -> 62400000
A24: Asistente Juridico | B24: 2270400 | C24: =(B24*$C$4)+B24 -> 2361216 | E24: 12 | F24: =+C24*E24 -> 28334592
A25: Auxiliar Administrativo | B25: 2064000 | C25: =(B25*$C$4)+B25 -> 2146560 | E25: 12 | F25: =+C25*E25 -> 25758720
A26: Secretaria EIP | B26: 2000000 | C26: =(B26*$C$4)+B26 -> 2080000 | E26: 12 | F26: =+C26*E26 -> 24960000
A27: Profesional de apoyo | C27: 5200000 | E27: 12 | F27: =E27*C27 -> 62400000
A28: TOTAL | C28: =SUM(C5:C26) -> 1.8987267e+08 | F28: =SUM(F5:F27) -> 2.340872e+09 | G28: EIP
F30: =F28/12 -> 1.9507267e+08 | G30: Promedio equipo mes
F31: =F30*8 -> 1.5605813e+09 | G31: Total apropiación 8 meses
F33: 1.796989e+09 | G33: POA
F34: =F33-F31 -> 236407680 | G34: Saldo disponible para actividades complementarias

Sheet Viaticos
A2: Comisiones EIP y tiquetes
A4: ACTIVIDADES | E4: 690000 | F4: 2,5 DÍAS | G4: 412689 | H4: 1,5 DÍAS
A5: 1 | B5: 171 | C5: ALIANZAS | E5: 800000 | F5: VALOR TIQUETE
B6: =B5 -> 171 | C6: INDUCCIÓN
B7: =B6*E5 -> 136800000 | C7: TIQUETES
B8: =E4*B6 -> 117990000 | C8: VIATICOS
B9: =SUM(B7:B8) -> 254790000
A11: 2 | B11: 2 | C11: CIR
B12: 16 | C12: 8 PERSONAS
B13: =B12*E5 -> 12800000 | C13: TIQUETES
B14: =B12*G4 -> 6603024 | C14: VIATICOS
B15: =SUM(B13:B14) -> 19403024
A17: 3 | B17: 32 | C17: DEPARTAMENTOS - DIVULGACIÓN
B18: =B17*E5 -> 25600000 | C18: TIQUETES
B19: =B17*G4 -> 13206048 | C19: VIATICOS
B20: =B18+B19 -> 38806048
A22: 4 | B22: =2*4*1.5 -> 12 | C22: ACTIVIDADES COORDINADOR
B23: =B22*E5 -> 9600000 | C23: TIQUETES
B24: =E4*B22 -> 8280000 | C24: VIATICOS
B25: =SUM(B23:B24) -> 17880000
A27: 5 | B27: 8 | C27: OPERADOR REGIONAL
B28: 2 | C28: VISITAS DURANTE 4 MESES
B29: =B28*B27 -> 16
B30: =B29*E5 -> 12800000 | C30: TIQUETES
B31: =B29*E4 -> 11040000 | C31: VIATICOS
B32: =SUM(B30:B31) -> 23840000
A34: 6 | B34: =169*25/100 -> 42.25 | C34: VISITAS DE SEGUNDO DESEMBOLSO 10% DEL TOTAL
B35: =B34*E5 -> 33800000 | C35: TIQUETES
B36: =B34*E4 -> 29152500 | C36: VIATICOS
B37: =SUM(B35:B36) -> 62952500
A39: 7 | B39: 584277 | C39: ACTIVIDADES COMPLEMENTARIAS
A41: TOTAL | B41: =B37+B32+B25+B20+B9+B15+B39 -> 418255849
A42: POA | B42: 418255849
